[Event "GER-ch Youth-ODJM 2022 A"]
[Site "Willingen"]
[Date "2022.06.11"]
[Round "9.11"]
[White "Metzinger, Hannes"]
[Black "Brunner, Tobias"]
[Result "1-0"]
[ECO "B01"]
[WhiteElo "1845"]
[BlackElo "2007"]
[Annotator "TA"]
[PlyCount "85"]
[EventDate "2022.06.05"]
[EventType "swiss"]
[EventRounds "9"]
[EventCountry "GER"]
[SourceTitle "playchess.com"]
[Source "ChessBase"]
[SourceQuality "1"]
[TimeControl "40/4500+30:900+30"]

1. e4 d5 2. exd5 Qxd5 3. Nc3 Qd6 4. d4 Nf6 5. Nf3 Bg4 6. h3 Bxf3 {[%emt 0:00:00] B01: Scandinavian Defence.} 7. Qxf3 ({But not} 7. gxf3 Qb6 $11) 7... c6 8. Be3 e6 {[%emt 0:00:00] White is better.} 9. O-O-O Qc7 10. Bc4 Nbd7 11. g4 Nb6 12. Bb3 Nbd5 {[%emt 0:00:10] [#]} 13. Nxd5 $146 ({Predecessor:} 13. Ne4 Nxe4 14. Qxe4 Nxe3 15. fxe3 O-O-O 16. Rhf1 Bd6 17. Rxf7 Qxf7 18. Bxe6+ Qxe6 19. Qxe6+ {1-0 (41) Risteski,E (2363)-Samarth,J (1664) Chess.com INT 2022}) 13... Nxd5 14. Bd2 a5 15. Rhe1 Be7 16. c4 Nb4 17. a3 Na6 (17... a4 $14) 18. Bf4 Qc8 (18... Bd6 $16) 19. Be5 O-O 20. Qd3 {[%emt 0:01:06] 0x0.00207a2ecc6edp-1022s more active pieces. The black rooks are badly placed.} (20. Bc2) (20. Bc2 $142) 20... Qd8 {[%emt 0:07:28] Black cannot hold the game after this.} (20... b5 $16) 21. h4 $40 {[%emt 0:02:41][%cal Bh3h4,Bh4h5][%mdl 160] White wants a kill.} Bf6 22. Bc2 g6 23. h5 Bxe5 24. Rxe5 (24. dxe5 Qxd3 25. Rxd3 Nc5 $14) 24... Qf6 25. Qe3 ({Less strong is} 25. Rxa5 Qxf2 26. Re5 (26. hxg6 fxg6 27. Qb3 Rab8 $14) 26... Nc7 $14) 25... Nc7 26. g5 Qe7 27. Rh1 {[%emt 0:03:02] Hoping for Re4.} Rad8 $2 (27... b5 28. Rc5 bxc4) 28. Re4 $18 {[%emt 0:06:34][%cal Be5e4,Be4h4,Bh4h8][%mdl 32] White is clearly winning.} Rd7 29. Reh4 c5 30. hxg6 fxg6 {[%emt 0:02:40] [#]} 31. Bxg6 $1 cxd4 {[%emt 0:00:53] [#]} 32. Qe5 $1 hxg6 (32... Rf5 33. Bxf5) 33. Rh8+ Kf7 34. R1h7+ Ke8 35. Rxe7+ Rxe7 36. Rxf8+ Kxf8 {[%emt 0:00:06][%mdl 4096] Endgame KQ-KRN} 37. Qh8+ Kf7 38. Qf6+ Ke8 39. Qxg6+ Kd7 40. Qe4 e5 41. f3 b6 42. g6 Kd6 43. f4 {[%emt 0:03:08] Weighted Error Value: White=0.08 (flawless) /Black=0.34} 1-0

[Event "GER-ch Youth-ODJM 2022 A"]
[Site "Willingen"]
[Date "2022.06.11"]
[Round "9.12"]
[White "Kruse, Victor"]
[Black "Garbuz, Vitaly"]
[Result "0-1"]
[ECO "A06"]
[WhiteElo "1733"]
[BlackElo "2134"]
[Annotator "TA"]
[PlyCount "55"]
[EventDate "2022.06.05"]
[EventType "swiss"]
[EventRounds "9"]
[EventCountry "GER"]
[SourceTitle "playchess.com"]
[Source "ChessBase"]
[SourceQuality "1"]
[TimeControl "40/4500+30:900+30"]

1. Nf3 d5 2. b3 Nf6 3. Bb2 e6 4. e3 Be7 5. c4 O-O 6. Qc2 {[%emt 0:00:00] A13: English Opening: 1...e6.} b6 7. Be2 Bb7 8. O-O {[%emt 0:00:00] The position is equal.} Nbd7 9. Nc3 c5 10. Rac1 Rc8 11. Rfd1 Qc7 12. d4 (12. cxd5 {feels hotter.} Nxd5 13. Nxd5 Bxd5 14. Bd3) 12... cxd4 (12... dxc4 {keeps more tension.} 13. Bxc4 cxd4 14. Nb5 Qb8) 13. exd4 dxc4 14. bxc4 Bxf3 15. gxf3 (15. Bxf3 $15 Qxc4 16. Qd2) 15... Qf4 16. Ne4 Qh4 {[%emt 0:00:10] [#]} 17. Ng3 $146 ({Predecessor:} 17. Kh1 Nxe4 18. Qxe4 Qh6 19. Rg1 Bd6 20. Rg2 Nf6 21. Qd3 Nh5 22. d5 e5 23. Rcg1 g6 24. Bc1 Nf4 25. Bxf4 Qxf4 26. Rg4 e4 {0-1 (26) Scheipl,R (2335)-Saacke,B Kitzingen 1980}) 17... Rc7 18. d5 {[%emt 0:08:55] Hoping for d6.} Bc5 {[%emt 0:03:52][%cal Oc5f2] Strongly threatening ...Bxf2+!} 19. Bf1 Qf4 20. Qd3 {[%emt 0:12:52] [#]} (20. Bg2 $15) 20... exd5 (20... Ng4 $1 $17 21. Rc2 Nde5) 21. cxd5 $11 Ng4 22. Kg2 (22. Rxc5 $1 $14 {keeps the upper hand.} Nde5 {[#]} 23. Rxc7 $1 (23. Bxe5 Nxe5 24. Rxc7 Nxd3 $17) 23... Nxd3 24. Rxd3 $1 Nxf2 25. Rxf7 $1 (25. Kxf2 Qxc7 26. Rd2 Qc5+ 27. Kg2 Qa5 $15) (25. Rdc3 Nd1 $11) 25... Rxf7 26. Kxf2) 22... Nxf2 $19 {[%emt 0:02:02] Chess con chili. Pair of Knights!} 23. Qc3 Nf6 $40 {[%emt 0:02:19][%mdl 128] Black wants a kill.} 24. Qe5 Qh6 {[%emt 0:20:39] 0x0.000860a600f9dp-1022s more active pieces.} 25. Rxc5 $1 $11 {[%emt 0:00:41][%mdl 64] Remove Defender} (25. Qxc7 $2 {leads to mate.} Qh3+ 26. Kg1 N2g4+ 27. Bd4 Qxh2#) 25... Rxc5 26. Re1 $2 (26. Nf5 $11 Qh5 27. Kxf2 (27. Ne7+ Kh8 $11) 27... Rc2+ 28. Be2) 26... Rc2 $19 27. Re2 Nd3 28. Qd4 {[%emt 0:00:00] Weighted Error Value: White=0.45/Black=0.18 (very precise)} 0-1

[Event "GER-ch Youth-ODJM 2022 A"]
[Site "Willingen"]
[Date "2022.06.11"]
[Round "9.13"]
[White "Weigand, Anton"]
[Black "Savchenko, Daniel"]
[Result "1/2-1/2"]
[ECO "B22"]
[WhiteElo "1872"]
[BlackElo "2134"]
[Annotator "TA"]
[PlyCount "45"]
[EventDate "2022.06.05"]
[EventType "swiss"]
[EventRounds "9"]
[EventCountry "GER"]
[SourceTitle "playchess.com"]
[Source "ChessBase"]
[SourceQuality "1"]
[TimeControl "40/4500+30:900+30"]

1. e4 c5 2. c3 d5 3. exd5 Qxd5 4. d4 Nf6 5. Nf3 e6 6. Na3 Nc6 7. Nb5 Qd8 8. dxc5 Bxc5 9. Qxd8+ Kxd8 10. Bg5 a6 {[%emt 0:00:00] B22: Sicilian: 2 c3.} 11. O-O-O+ Ke7 12. Nbd4 (12. Nc7 Ra7 13. b4 Bxf2 $17) 12... Nxd4 13. Nxd4 Bd7 14. Be2 Bxd4 15. Rxd4 ({Much weaker is} 15. cxd4 Bc6 $15) 15... Bc6 {[%emt 0:00:10] [#]} 16. f3 $146 ({Predecessor:} 16. Rhd1 Rhd8 17. Rxd8 Rxd8 {½-½ (17) Hindermann,F (2181)-Pataki,G (2294) Balatonlelle 2000}) 16... Rhd8 17. Rhd1 Rxd4 18. Rxd4 ({Reject} 18. cxd4 Rd8 $11) 18... h6 19. Bh4 g5 {[%emt 0:04:12] [#] Threatens to win with ...e5.} 20. Bf2 Nd5 21. g3 e5 22. Rd1 f5 23. c4 {[%emt 0:06:49] Weighted Error Value: White=0.10 (very precise) /Black=0.09 (flawless)} 1/2-1/2

[Event "GER-ch Youth-ODJM 2022 A"]
[Site "Willingen"]
[Date "2022.06.11"]
[Round "9.14"]
[White "Kracht, Raphael"]
[Black "Schwartz, Oliver"]
[Result "0-1"]
[ECO "A05"]
[WhiteElo "2086"]
[BlackElo "1753"]
[Annotator "TA"]
[PlyCount "68"]
[EventDate "2022.06.05"]
[EventType "swiss"]
[EventRounds "9"]
[EventCountry "GER"]
[SourceTitle "playchess.com"]
[Source "ChessBase"]
[SourceQuality "1"]
[TimeControl "40/4500+30:900+30"]

1. Nf3 Nf6 2. Rg1 d5 3. h3 {[%emt 0:00:00] [#]} c5 $146 ({Predecessor:} 3... c6 4. g4 g6 5. d4 Bg7 6. Nc3 O-O 7. Be3 Na6 8. Qd2 Nd7 9. Bh6 Nb6 10. Bxg7 Kxg7 {1-0 (47) Hoellwarth,K (1669)-Zimmermann,A (1340) Hanau 2013}) 4. g4 Nc6 5. d3 e5 6. g5 {[%emt 0:00:05] A05: Réti Opening: 1 Nf3 Nf6.} Nd7 7. a4 a5 8. Nc3 {[%emt 0:01:28] Black is slightly better.} Nb6 9. e4 Be6 10. h4 Rc8 (10... Qd7 $15) 11. exd5 $11 Nxd5 12. Ne4 Nd4 13. c3 {[%emt 0:03:16] [#]} Nc6 (13... Nxc3 $1 $15 14. bxc3 Bb3 15. cxd4 Bxd1 16. Kxd1 Qd5) 14. h5 Be7 15. Nh4 (15. h6 $11) 15... Rc7 16. Qf3 g6 {[%emt 0:03:09] Against Nf5} ({Black should try} 16... Qd7 $11) 17. Bd2 (17. Bh3 $14 Bxh3 18. Qxh3) 17... Rd7 18. Rd1 Qb6 19. Bc1 Qb3 20. Bh3 Bxh3 21. Qxh3 Qxa4 22. Nf3 {[%emt 0:00:21] [#]} (22. Rg4 $11 c4 23. Ng2) 22... c4 (22... Kd8 $1 $17) 23. Rg4 (23. hxg6 $1 $11 fxg6 24. Qe6) 23... Qc2 $17 24. hxg6 fxg6 $40 {[%emt 0:00:10][%mdl 128] Black wants a kill.} (24... cxd3 $2 25. gxf7+ Kxf7 26. Bd2 $18) 25. Nf6+ $2 {[%emt 0:01:34][%mdl 8192] This move loses the game for White.} (25. Rh4 $17) 25... Nxf6 $19 26. gxf6 Rxd3 {[%emt 0:00:24][%csl Gc2][%cal Rd3d1,Bd7d3,Bd3c3,Bc3f3][%mdl 32] Really sharp!} 27. Bd2 Bxf6 28. Rxc4 O-O {[%emt 0:01:08][%cal Bh8f8,Bf8e8,Be8d8][%mdl 32] aiming for ...Kh8. Black is clearly winning.} 29. Ke2 (29. Re4 $142) 29... Re8 30. Re4 {[%emt 0:02:13] [#] Inhibits Nd4+.} Rxc3 $3 31. Qg4 (31. bxc3 Qxe4+) 31... Qxb2 {[%emt 0:00:36] White must now prevent ...Qb5+.} 32. Qd7 Rd8 33. Qe6+ Kg7 {And now ...Qb5+ would win.} 34. Ke1 Rxf3 {[%emt 0:00:58] Weighted Error Value: White=0.82/Black=0.30} 0-1

[Event "GER-ch Youth-ODJM 2022 A"]
[Site "Willingen"]
[Date "2022.06.11"]
[Round "9.15"]
[White "Frohnhäuser, Simon"]
[Black "Pick, Max"]
[Result "1-0"]
[ECO "B01"]
[WhiteElo "1944"]
[BlackElo "1841"]
[Annotator "TA"]
[PlyCount "113"]
[EventDate "2022.06.05"]
[EventType "swiss"]
[EventRounds "9"]
[EventCountry "GER"]
[SourceTitle "playchess.com"]
[Source "ChessBase"]
[SourceQuality "1"]
[TimeControl "40/4500+30:900+30"]

1. e4 d5 2. exd5 Nf6 3. d4 Nxd5 4. Nf3 Bg4 5. c4 Nf6 6. Be2 e6 7. O-O Be7 8. Nc3 O-O 9. Be3 {[%emt 0:00:00] 9.Be3 is better than 9.h3. B01: Scandinavian Defence.} Nbd7 {[%emt 0:00:00] [#]} 10. b3 $146 ({Predecessor:} 10. Qb3 Qc8 11. Rfd1 Rd8 12. Rac1 a6 13. h3 Bh5 14. Bf4 Bd6 15. Bg5 c5 16. d5 {1-0 (37) Vuckovic,B (2511)-Mateuta,G (2444) Sozina 2004}) 10... Re8 11. Qc2 {[%emt 0:00:00] White is slightly better.} Bf5 12. Qb2 c5 13. Rad1 cxd4 14. Nxd4 Bg6 15. Bf3 (15. b4 $14) 15... e5 (15... Qc7 $11) 16. Nc2 (16. Ndb5 $5 ) 16... e4 17. Be2 a6 18. Bd4 Qa5 19. Ne3 Qg5 20. Ncd5 Bd8 {[#] Prevents Nc7.} (20... Nxd5 $16 21. Nxd5 Bf5) 21. Nxf6+ (21. g3 $1 $18) 21... Bxf6 22. Nd5 (22. g3 $16 {Strongly threatening h4.} Bxd4 23. Qxd4) 22... Bxd4 $14 23. Qxd4 Rad8 (23... Rab8 $14) 24. Qa7 $16 {[%emt 0:01:24] White is more active.} f5 (24... e3 $16) 25. Qxb7 $18 Nc5 26. Qc7 Ne6 27. Qg3 Qxg3 (27... Qh6 $142 28. Qe5 Kh8) 28. hxg3 Kf8 29. b4 Bf7 30. a4 a5 31. bxa5 Ra8 32. c5 {[%emt 0:08:12] Bb5 is the strong threat.} Nxc5 (32... Rxa5 $16 33. Bb5 Nxc5) 33. Nc7 $1 Rxa5 34. Nxe8 Kxe8 35. Bb5+ Ke7 36. Ra1 Bb3 37. Rfc1 Kd6 38. Ra3 {[%emt 0:04:41][%cal Oc1c5] Black must now prevent Rxc5!} Bxa4 39. Be8 {[%emt 0:00:37] And now Rca1 would win.} Ra8 40. Bxa4 Rxa4 {[%emt 0:00:15][%mdl 4096] Endgame KRR-KRN} 41. Rd1+ Ke5 42. Rxa4 Nxa4 $16 {[%emt 0:00:00] KR-KN} 43. Rd7 Kf6 44. Kf1 Nc5 45. Ra7 h6 46. Ke2 g6 47. Ke3 Kg5 48. Ra5 Nd3 {A mistake that costs the game.} (48... Ne6 $16 {might work better.} 49. Ra6 Kf6) 49. Ra6 {[%emt 0:00:00] Hoping for f4+.} Nc5 $2 (49... Ne1 {is a better chance.} 50. Ke2 Nd3) 50. Rc6 $18 Nd7 51. Kd4 {[%emt 0:00:00] Prevents Ne5.} h5 52. Rd6 (52. Ra6 $142) 52... Nf8 (52... Nf6 {keeps fighting.} 53. Ra6 Ng4) 53. Ke5 h4 $2 {[%emt 0:07:32] [#]} (53... Nh7 $18 54. f4+ Kh6) 54. gxh4+ {[%emt 0:00:00] White mates.} Kxh4 55. Rd8 Ne6 56. Kxe6 f4 57. Rd4 {[%emt 0:00:00] Weighted Error Value: White=0.22 (precise) /Black=0.43} 1-0

[Event "GER-ch Youth-ODJM 2022 A"]
[Site "Willingen"]
[Date "2022.06.11"]
[Round "9.16"]
[White "Kamp, Adrian"]
[Black "Struck, Lasse"]
[Result "1/2-1/2"]
[ECO "B40"]
[WhiteElo "1969"]
[BlackElo "1847"]
[Annotator "TA"]
[PlyCount "104"]
[EventDate "2022.06.05"]
[EventType "swiss"]
[EventRounds "9"]
[EventCountry "GER"]
[SourceTitle "playchess.com"]
[Source "ChessBase"]
[SourceQuality "1"]
[TimeControl "40/4500+30:900+30"]

1. e4 c5 2. Nf3 e6 3. c3 Nf6 4. e5 Nd5 5. g3 d6 6. exd6 {[%emt 0:00:00] B22: Sicilian: 2 c3.} Bxd6 7. Bg2 O-O 8. O-O e5 {[%emt 0:00:00] [#]} 9. Re1 $146 ({Predecessor:} 9. d3 Nc6 10. Nbd2 Bc7 11. Re1 h6 12. a3 b6 13. Nc4 Re8 14. Qc2 Bf5 15. Nh4 {1-0 (83) Bernotas,A (2408)-Andreikin,D (2712) Chess.com INT 2018}) 9... Nc6 10. d4 exd4 11. cxd4 h6 {[%emt 0:06:53] Inhibits Bg5.} 12. Nc3 Nxc3 13. bxc3 cxd4 14. Nxd4 Bd7 15. Rb1 Rb8 16. Nb5 {[%emt 0:03:37] White is more active.} (16. Be3 $1 $14) 16... Bf5 $11 17. Rb2 Be5 18. Qxd8 Rfxd8 19. Bxc6 bxc6 20. Rxe5 {[%emt 0:00:22] And now Nd4 would win.} Rd1+ 21. Kg2 Rxc1 22. Rxf5 Rxb5 23. Rfxb5 cxb5 24. Rxb5 {[%emt 0:00:44] Threatens to win with Ra5.} Rxc3 {[%emt 0:00:05][%mdl 4096] Endgame KR-KR} 25. a4 {[%emt 0:00:14] next Rb7 is good for White.} (25. Ra5 $5 ) 25... Ra3 $2 ({Black should try} 25... Rc6 $11) 26. Ra5 $16 h5 27. Rxa7 g6 28. a5 (28. Ra8+ $16 Kg7 29. a5) 28... Kg7 $18 29. a6 Kf6 30. Ra8 {[%emt 0:01:21] Strongly threatening h3.} Kg5 (30... Kf5 $16 {is a better defense.} 31. h3 Kf6) 31. h4+ (31. h3 $18 {is more deadly.}) 31... Kf5 32. Kf1 (32. Ra7 $16 Ke5 33. Ra8 (33. Rxf7 Rxa6 34. Re7+ Kf5 $16)) 32... Ra2 (32... Ra1+ $11 33. Kg2 Ra2) 33. Ra7 $1 $16 Kf6 34. Ke1 Ke6 ({Black should play} 34... Ke5 $14) 35. Ra8 Kf5 (35... Ke7 $16 36. a7 Kf6) 36. f3 $1 $18 ({Not} 36. a7 Kg4 $11) 36... Ra3 37. Ke2 Ra2+ {[%emt 0:02:56] [#]} 38. Kd3 $2 (38. Kd1 $1 $18) 38... Ra3+ $11 39. Ke2 $2 (39. Kc4 $11 Rxf3 40. Kb4) 39... Ra2+ $1 $18 {[%emt 0:00:03] [#]} 40. Kd3 $2 ({White must play} 40. Kd1 $1 $18) 40... Ra3+ $14 41. Kd4 {[%emt 0:00:00] Hoping for a7.} Rxf3 {[%emt 0:00:00] The position is equal.} 42. Rf8 Ra3 43. Rxf7+ Kg4 44. Rf6 Kxg3 45. Rxg6+ Kxh4 46. Kc5 Kh3 47. Kb6 h4 48. a7 Kh2 49. Kb7 {[%emt 0:00:09] White wants to mate with Ra6.} Rxa7+ 50. Kxa7 h3 51. Rh6 Kg2 52. Rxh3 Kxh3 {Weighted Error Value: White=0.24 (precise) /Black=0.19 (very precise)} 1/2-1/2

[Event "GER-ch Youth-ODJM 2022 A"]
[Site "Willingen"]
[Date "2022.06.11"]
[Round "9.17"]
[White "Brockmeyer, Tobias"]
[Black "Reimer, Philip"]
[Result "0-1"]
[ECO "E32"]
[WhiteElo "1936"]
[BlackElo "1977"]
[Annotator "TA"]
[PlyCount "118"]
[EventDate "2022.06.05"]
[EventType "swiss"]
[EventRounds "9"]
[EventCountry "GER"]
[SourceTitle "playchess.com"]
[Source "ChessBase"]
[SourceQuality "1"]
[TimeControl "40/4500+30:900+30"]

1. d4 Nf6 2. c4 e6 3. Nc3 Bb4 4. Qc2 O-O 5. Nf3 c5 6. Bf4 {[%emt 0:00:00] E32: Nimzo-Indian: Classical (4 Qc2): 4...0-0.} cxd4 7. Nxd4 d5 8. e3 {[%emt 0:13:28] Black is slightly better.} Nc6 9. Nxc6 bxc6 10. Bd3 {[%emt 0:03:04] [#]} Re8 $146 ({Predecessor:} 10... Qe7 11. O-O h6 12. Rfc1 Bb7 13. cxd5 cxd5 14. Qb3 Ba5 15. Nb5 Rfc8 16. Nd6 Rxc1+ 17. Rxc1 {½-½ (73) Gholami Orimi,M (2428)-Sonis,F (2483) Tornelo INT 2020}) 11. O-O h6 12. a3 Bf8 13. b4 e5 14. Bg3 Nh5 (14... d4 $11 15. Ne4 a5) 15. Rfd1 (15. cxd5 $1 $16 cxd5 16. Nxd5 $1) 15... Nxg3 $11 16. hxg3 {[%emt 0:03:03] With the idea Bh7+.} (16. Bh7+ Kh8 17. hxg3 g6 18. cxd5 cxd5 19. Nxd5 (19. Rxd5 Qf6 $17) 19... Bf5 $17) 16... Bb7 (16... Bg4 $11) 17. cxd5 $16 cxd5 {[%emt 0:00:49] [#]} 18. Be4 $1 Rc8 19. Rac1 $1 (19. Bxd5 Bxd5 20. Qb2 Rxc3 $1 21. Qxc3 Qa8 $17) 19... Qb6 (19... d4 20. Bxb7 Rxc3 21. Qxc3 dxc3 22. Rxd8 Rxd8 23. Rxc3 $16) 20. Bxd5 Bxd5 21. Rxd5 Rc4 22. Qd2 Rec8 $1 23. Ne2 {[%emt 0:00:57] Strongly threatening Rxc4.} (23. Rxe5 Qf6 24. Ra5 (24. f4 Qc6 $17) 24... Rxc3 25. Rxc3 Rxc3 26. Rxa7 Rb3 $17) 23... Rxc1+ 24. Nxc1 f6 (24... Qa6 $11 {keeps the balance.}) 25. Nb3 Qa6 26. Na5 Qe6 27. Rd7 $36 {[%emt 0:02:27][%mdl 2048] Keeping Black busy.} Qf5 28. Nb3 $2 ({White should play} 28. Qd5+ $18 Kh7 29. Nc6) 28... Rc2 $2 (28... Qb1+ $1 $11 {and Black is okay.} 29. Qd1 Qxd1+ 30. Rxd1 Rc3) 29. Qd5+ $18 Kh8 (29... Kh7 $142) 30. f3 {[%emt 0:01:56] Rd8 is the strong threat.} (30. Rd8 $6 Rc8 $18) 30... Rc8 31. Qd3 $2 (31. Rxa7 $18 {has better winning chances. Threatens to win with Nc5.} Qg6 32. Kf2) 31... Qg5 (31... Qxd3 $16 32. Rxd3 h5) 32. Kf2 (32. Rxa7 $6 Qxg3 33. Nd2 Qe1+ 34. Nf1 Rc1 $16) 32... f5 33. Rxa7 $2 (33. Nd2 $18) 33... e4 $2 (33... f4 $11 {and Black stays safe.} 34. gxf4 exf4) 34. fxe4 fxe4 35. Qxe4 Bd6 {[%emt 0:00:01] [#]} 36. Ra8 (36. Nd4 $1 $18 {is the precise move to win.}) 36... Qxg3+ $2 {[%emt 0:00:06] [#]} (36... Rxa8 $2 37. Qxa8+ Kh7 38. Qf3 $18) (36... Bxg3+ $16 {was necessary.} 37. Kf3 (37. Kg1 Bb8 $11) 37... Bb8) 37. Ke2 $1 Bb8 38. Qf3 {[%emt 0:00:49] Inhibits Rf8.} (38. Nd4 $18 {and the rest is easy.}) 38... Qd6 (38... Qc7 $16 {is a better defense.} 39. Nc5 Rd8) 39. Nd4 Rf8 40. Qe4 Qf6 {[%emt 0:01:55] [#]} 41. Qf5 {[%emt 0:00:00][%mdl 512] Prevents Qf1+.} Qd6 42. Qc5 (42. Nb5 Qd8 43. Qe4 (43. Rxb8 $2 Qxb8 44. Qc5 Rc8 $19) 43... Rf2+ 44. Kxf2 Qd2+ 45. Kf3 Qd1+ 46. Kf2 Qd2+ 47. Kf3 Qd1+ 48. Kf2 Qd2+ $11) 42... Qf6 43. Qf5 {[%emt 0:07:00] Inhibits Qf1+. Hoping for Qxf6.} Qd6 44. Qe4 ({Worse is} 44. Nb5 Qd8 45. Qe4 (45. Rxb8 $2 Qxb8 46. Qd5 Rd8 $19) 45... Qc8 $11) 44... Qf6 45. b5 (45. Qb7 $16 Qf1+ 46. Kd2 Qf2+ 47. Kd3 Qf1+ 48. Kc3 Qe1+ 49. Kd3 Qd1+ 50. Kc4 Qf1+ 51. Kc3 Qe1+ 52. Kc4 Qf1+ 53. Kc3) 45... Qf2+ 46. Kd3 {[%emt 0:00:37] And now Kc3 would win.} Qf1+ 47. Kc3 {[%emt 0:00:47] Black must now prevent Ra6.} (47. Kd2 $5 ) 47... Rc8+ 48. Nc6 Qxb5 {[%emt 0:07:09] Chess con chili.} 49. Rxb8 $4 (49. Kd2 $11) 49... Qxb8 $11 {[%emt 0:00:31] KQR-KQN. Black mates.} 50. Kd4 Qd6+ 51. Qd5 Rxc6 52. Qxd6 Rxd6+ {[%emt 0:00:06] KR-K3P} 53. Kc5 Ra6 54. Kb4 Re6 55. a4 Rxe3 56. Kb5 Re2 57. a5 Rxg2 58. a6 Ra2 59. Kb6 g5 {[%emt 0:00:08] Black used his chance.  Weighted Error Value: White=0.48/Black=0.36} 0-1

[Event "GER-ch Youth-ODJM 2022 A"]
[Site "Willingen"]
[Date "2022.06.11"]
[Round "9.18"]
[White "Kliashtornyi, Arkadii"]
[Black "Fuchs, Florian"]
[Result "1/2-1/2"]
[ECO "D02"]
[WhiteElo "1755"]
[BlackElo "2320"]
[Annotator "TA"]
[PlyCount "68"]
[EventDate "2022.06.05"]
[EventType "swiss"]
[EventRounds "9"]
[EventCountry "GER"]
[SourceTitle "playchess.com"]
[Source "ChessBase"]
[SourceQuality "1"]
[TimeControl "40/4500+30:900+30"]

1. d4 d5 2. Nf3 e6 3. g3 Bd6 4. Bg2 Nd7 5. O-O f5 6. c4 {[%emt 0:00:00] D02: 1 d4 d5 2 Nf3 sidelines, including 2...Nf6 3 g3 and 2...Nf6 3 Bf4.} c6 7. Bf4 Bxf4 8. gxf4 {[%emt 0:00:00] [#]} Ne7 $146 ({Predecessor:} 8... Ngf6 9. Nc3 O-O 10. e3 Ne4 11. Ne5 Rf6 12. f3 Nxc3 13. bxc3 Rh6 14. Qe1 Qe8 15. Qg3 Nxe5 16. fxe5 dxc4 17. f4 Rb8 18. a4 b6 {0-1 (54) Hasman,C (2101)-Bendayan Claros,A (2167) Chess.com INT 2021}) 9. Nbd2 O-O 10. e3 Rf6 11. Ne5 Nxe5 12. fxe5 (12. dxe5 $142 Rg6 13. Kh1) 12... Rh6 ({Black should play} 12... Rg6) 13. f4 $11 b6 14. b3 (14. Rc1 $14) 14... Bb7 15. Qe2 Ng6 (15... c5 $11) 16. Nf3 Nh4 17. Nxh4 Qxh4 18. Bf3 {[%emt 0:05:39] Active counter play!} Kh8 19. Kh1 Rg8 20. Rg1 g5 21. fxg5 Rhg6 (21... Rxg5 $11 {remains equal.} 22. Rxg5 Qxg5) 22. Qe1 $16 Qxe1 23. Raxe1 Rxg5 24. Rxg5 Rxg5 25. Rg1 (25. Rc1 $16) 25... Rxg1+ $11 26. Kxg1 {[%emt 0:01:02][%mdl 4096] Endgame KB-KB} Kg7 27. Kg2 Kg6 28. Kg3 Kg5 29. h4+ Kg6 30. Kf4 h6 31. cxd5 cxd5 32. Be2 a6 33. b4 b5 34. a3 Bc6 {[%emt 0:00:12] Weighted Error Value: White=0.13 (very precise) /Black=0.14 (very precise)} 1/2-1/2

[Event "GER-ch Youth-ODJM 2022 A"]
[Site "Willingen"]
[Date "2022.06.11"]
[Round "9.19"]
[White "Gallasch, Robin"]
[Black "Hoffmann, Kay"]
[Result "1-0"]
[ECO "D36"]
[WhiteElo "2063"]
[BlackElo "1607"]
[Annotator "TA"]
[PlyCount "45"]
[EventDate "2022.06.05"]
[EventType "swiss"]
[EventRounds "9"]
[EventCountry "GER"]
[SourceTitle "playchess.com"]
[Source "ChessBase"]
[SourceQuality "1"]
[TimeControl "40/4500+30:900+30"]

1. d4 d5 2. c4 e6 3. Nc3 c6 4. cxd5 exd5 5. Qc2 Nf6 6. Bg5 Be7 7. e3 O-O 8. Bd3 Nbd7 9. h3 h6 10. Bf4 Re8 11. Nf3 Bb4 12. O-O Bxc3 {[%emt 0:01:35] D36: Queen's Gambit Declined: Exchange Variation: Main line (5 Bg5 c6 6 Qc2).} 13. bxc3 Ne4 14. c4 Ndf6 {[%emt 0:11:25] White is better.} 15. Ne5 Nd6 {[%emt 0:03:47] [#]} ({Black should play} 15... Nd7) 16. c5 $146 {[%emt 0:08:38] White is more active.} ({Predecessor:} 16. Rab1 dxc4 17. Nxc4 Nxc4 18. Bxc4 b6 19. Rfc1 Bb7 20. Qg6 Nd5 21. Qg3 Nxf4 22. Qxf4 {1-0 (40) Pesotskiy,M (2245)-Skuhala,J (2163) Chess.com INT 2020}) 16... Nde4 17. Bh2 Nd7 18. Bxe4 Nxe5 $2 {[%emt 0:02:25] [#]} (18... dxe4 19. Nc4 Re7) (18... dxe4 19. Nc4 (19. Qxe4 Nxe5 20. dxe5 Qa5 $14) 19... Re6) 19. Bh7+ $18 {[%emt 0:00:09] White is clearly winning.} (19. dxe5 dxe4 20. Qxe4 Qa5) ({Weaker is} 19. dxe5 dxe4 20. Qxe4 Qa5 $14) 19... Kh8 20. Bxe5 Rxe5 21. dxe5 Qg5 22. f4 Qg3 23. Rf3 {[%emt 0:00:08] Black got outplayed after the opening.  Weighted Error Value: White=0.03 (flawless) /Black=0.82} 1-0